 Dungeon Crawl Stone Soup version 0.14.0-26-g1682e81 (webtiles) character file.

1995 Heini the Cleaver (level 9, -2/80 HPs)
             Began as a Hill Orc Fighter on Apr 27, 2014.
             Slain by a troll (8 damage)
             ... on Level 6 of the Dungeon.
             The game lasted 00:17:18 (4832 turns).

Heini the Cleaver (Hill Orc Fighter)                Turns: 4832, Time: 00:17:18

HP  -2/80        AC 12     Str 27      XL: 9   Next:  3%
MP  10/10        EV  7     Int  8      God:
Gold 289         SH 20     Dex 10      Spells:  0 memorised,  8 levels left

rFire  + . .     SeeInvis .     a - +0,+1 war axe
rCold  + . .     Clarity  .     j - +3 scale mail {rC+}
rNeg   . . .     Conserve .     c - +0 shield
rPois  .         rCorr    .     i - +0 helmet
rElec  .         rRot     .     (no cloak)
SustAb . .       Spirit   .     (no gloves)
rMut   .         Warding  .     (no boots)
Saprov + . .     Stasis   .     (no amulet)
MR     .....                    (no ring)
                                p - ring of protection from fire

@: mighty, not resistant to hostile enchantments, extremely unstealthy
A: saprovore 1
a: no special abilities


You were on level 6 of the Dungeon.
You were not hungry.

You visited 1 branch of the dungeon, and saw 6 of its levels.
You also visited: Sewer.

You collected 289 gold pieces.

Inventory:

Hand weapons
 a - a +0,+1 war axe (weapon)
Armour
 b - a +0 scale mail
 c - a +0 shield (worn)
 i - a +0 helmet (worn)
 j - a +3 scale mail of cold resistance (worn)
Magical devices
 s - a wand of paralysis (6)
Comestibles
 d - 3 meat rations
 g - 5 bread rations
 t - a choko
 w - a beef jerky
Scrolls
 f - a scroll of remove curse
 n - 3 scrolls of fog
 r - 2 scrolls of enchant armour
 u - a scroll of random uselessness
 v - 2 scrolls of teleportation
Jewellery
 h - an uncursed ring of protection from cold
 o - a +1 ring of intelligence {unknown}
 p - a ring of protection from fire (left hand)
Potions
 e - a potion of might
 k - 2 potions of heal wounds
 l - 3 potions of magic
 m - a potion of mutation
 q - a potion of brilliance
 z - 6 potions of curing
 A - 2 potions of resistance
 B - a potion of flight {unknown}
 C - a potion of restore abilities {unknown}


   Skills:
 * Level 7.7 Fighting
 * Level 10.0 Axes
 * Level 7.2 Armour
 - Level 3.5 Shields
 + Level 0.7 Evocations


You had 8 spell levels left.
You didn't know any spells.

Dungeon Overview and Level Annotations

Branches:
Dungeon (6/15)
 Temple: D:4-7

Altars:
Dithmenos
Elyvilon
Makhleb
Nemelex Xobeh
Trog

Shops:
D:4 (


Innate Abilities, Weirdness & Mutations

You can tolerate rotten meat.


Message History

The troll claws you.
* * * LOW HITPOINT WARNING * * *
You slash the troll!
The troll is heavily wounded.
You block the troll's attack. The troll claws you.
* * * LOW HITPOINT WARNING * * *
You block the troll's attack.
You slash the troll!
The troll is almost dead.
The troll completely misses you. You block the troll's attack.
The troll claws you but does no damage.
You slash the troll!
The troll is almost dead.
The troll barely misses you. The troll claws you but does no damage.
The troll claws you.
* * * LOW HITPOINT WARNING * * *
You closely miss the troll.
The troll is almost dead.
You block the troll's attack. The troll claws you!
You die...

###### #
#######....###.####
.#####
......%.............
......
#####<))...)...####
.####.
#####.#....########
....#)#...#.....@.#
###.#.#.#.#..####T#
....#.#.#.##.#........#
#####)#.#....#.....##.#
# ....######.....#
##### #.....+ ##
#.....# #. ######
#.....# # #. #....#
#.....+ ..#.


You could see a troll.

Vanquished Creatures
  The ghost of Cerbis the Gusty, an average TeAE (Sewer)
  Edmund (D:6)
  2 sky beasts (D:5)
  An ogre (D:5)
  A centaur (D:5)
  2 giant frogs (D:6)
  A big kobold (Sewer)
  A scorpion (D:6)
  4 wights (D:6)
  3 crimson imps
  3 hounds
  A big fish (Sewer)
  An orc priest (D:5)
  An orc wizard (D:6)
  An iguana (D:5)
  4 worker ants
  A worker ant zombie (D:5)
  8 adders
  An orc zombie (D:5)
  3 gnolls (D:2)
  A green rat (D:6)
  A shadow imp (D:5)
  An inept feature mimic (D:6)
  2 worms
  A giant eyeball (D:6)
  3 giant geckos
  An ooze (D:2)
  12 orcs
  4 ball pythons
  A bat zombie (D:6)
  4 giant cockroaches
  9 goblins
  11 hobgoblins
  13 kobolds
  2 quokkas
  7 bats
  7 giant newts
  A giant spore (D:6)
  A hobgoblin skeleton (D:4)
  A hobgoblin zombie (D:5)
  9 jackals
  A kobold skeleton (D:5)
  An orc skeleton (D:4)
  15 rats
  2 ballistomycetes (D:6)
152 creatures vanquished.

Vanquished Creatures (others)
  A giant spore (D:6)
1 creature vanquished.

Grand Total: 153 creatures vanquished

Notes
Turn   | Place    | Note
--------------------------------------------------------------
     0 | D:1      | Heini, the Hill Orc Fighter, began the quest for the Orb.
     0 | D:1      | Reached XP level 1. HP: 19/19 MP: 1/1
    98 | D:1      | Reached XP level 2. HP: 25/27 MP: 2/2
   123 | D:1      | Reached skill level 4 in Fighting
   585 | D:1      | Reached XP level 3. HP: 33/33 MP: 3/3
   760 | D:2      | Found a burning altar of Makhleb.
   762 | D:2      | Found a shadowy altar of Dithmenos.
   917 | D:2      | Reached XP level 4. HP: 34/41 MP: 4/4
  1478 | D:3      | Found a white marble altar of Elyvilon.
  1528 | D:3      | Reached XP level 5. HP: 41/47 MP: 5/5
  1845 | D:3      | Reached skill level 5 in Fighting
  2470 | D:4      | Found Eplidoan's Weapon Shoppe.
  2521 | D:4      | Found a sparkling altar of Nemelex Xobeh.
  2677 | D:5      | Entered Level 5 of the Dungeon
  2682 | D:5      | Reached skill level 5 in Axes
  2682 | D:5      | Reached XP level 6. HP: 56/56 MP: 6/6
  2736 | D:5      | Reached skill level 5 in Armour
  2790 | D:5      | Noticed a sky beast
  2796 | D:5      | Killed a sky beast
  2831 | D:5      | Noticed an ogre
  2836 | D:5      | Reached skill level 6 in Axes
  2838 | D:5      | Killed an ogre
  2838 | D:5      | Reached XP level 7. HP: 59/63 MP: 7/7
  2956 | D:5      | Found a bloodstained altar of Trog.
  2970 | D:5      | Reached skill level 7 in Axes
  2985 | D:5      | Noticed a sky beast
  2994 | D:5      | Killed a sky beast
  3615 | D:6      | Paralysed by a giant eyeball for 2 turns
  3618 | D:6      | Paralysed by a giant eyeball for 4 turns
  3627 | D:6      | Reached skill level 8 in Axes
  3627 | D:6      | Reached XP level 8. HP: 49/71 MP: 8/8
  3711 | D:6      | Noticed Edmund
  3725 | D:6      | Killed Edmund
  3959 | D:6      | Found a glowing drain.
  3999 | D:6      | Reached skill level 9 in Axes
  4044 | Sewer    | Entered a sewer
  4122 | Sewer    | Noticed Cerbis' ghost (average TeAE)
  4152 | Sewer    | Killed Cerbis' ghost
  4415 | Sewer    | Found a white marble altar of Elyvilon.
  4819 | D:6      | Noticed a troll
  4823 | D:6      | Reached skill level 10 in Axes
  4823 | D:6      | Reached XP level 9. HP: 74/80 MP: 10/10
  4832 | D:6      | Slain by a troll

Action                   |  1- 3 |  4- 6 |  7- 9 || total
-------------------------+-------+-------+-------++-------
Melee: War axe           |    87 |   200 |   218 ||   505
Evoke: Wand              |       |       |     3 ||     3
  Use: Scroll            |     6 |     3 |     4 ||    13
       Potion            |       |       |     2 ||     2
 Stab: Paralysed         |       |       |     1 ||     1
